 Dungeon Crawl Stone Soup version 0.31-a0-692-gf03d1854d5 (webtiles) character file.

Game seed: 16672722289579395171

35 qw the Shooter (level 3, -2/22 HPs)
             Began as a Gargoyle Hunter on Sept 6, 2023.
             Slain by Terence
             ... wielding a +0 flail
              (5 damage)
             ... on level 2 of the Dungeon.
             The game lasted 00:00:24 (862 turns).

qw the Shooter (Gargoyle Hunter)                     Turns: 862, Time: 00:00:25

Health: -2/22      AC:  7    Str: 14    XL:     3   Next: 33%
Magic:  3/3        EV: 11    Int:  9    God:
Gold:   127        SH:  0    Dex: 15    Spells: 2/2 levels left

rFire   . . .        Y - +0 shortbow
rCold   . . .        (shield currently unavailable)
rNeg    + . .        c - +0 leather armour
rPois   inf          a - +0 helmet
rElec   +            (no cloak)
rCorr   +            (no gloves)
SInv    .            (no boots)
Will    .....        (no amulet)
Stlth   ++           f - ring of resist corrosion
HPRegen 0.23/turn    (no ring)
MPRegen 0.08/turn

%: no passive effects
@: no status effects
A: sickness immunity, AC +3, negative energy resistance 1, electricity
resistance, torment resistance 1, petrification resistance
a: no special abilities


You were on level 2 of the Dungeon.
You visited 1 branch of the dungeon, and saw 3 of its levels.

You collected 127 gold pieces.


Innate Abilities, Weirdness & Mutations

You are immune to sickness and miasma.
Your stone body is resilient. (AC +3)
You are immune to poison.
You resist negative energy. (rN+)
You are resistant to electric shocks. (rElec)
You are resistant to unholy torment.
You are immune to petrification.


   Skills:
 + Level 2.4 Fighting
 - Level 5.0 Ranged Weapons
 - Level 1.5 Dodging
 - Level 1.1 Stealth


You had 2 spell levels left.
You didn't know any spells.
Your spell library was empty.

Inventory:

Hand Weapons
 Y - a +0 shortbow (weapon)
Armour
 a - a +0 helmet (worn)
 c - a +0 leather armour (worn)
Jewellery
 f - a ring of resist corrosion (left hand)
Scrolls
 b - a scroll of blinking {unknown}
 g - a scroll of identify
Potions
 d - 2 potions of curing {unknown}
 e - a potion of mutation {unknown}

Dungeon Overview and Level Annotations

Branches:
Dungeon (3/15)

Altars:

Annotations:
D:2 Terence


Message History

The adder is heavily wounded.
The adder bites you but does no damage.
You shoot an arrow.
The arrow hits the adder but does no damage.
The adder is heavily wounded.
Terence closely misses you. The adder barely misses you.
You shoot an arrow. The arrow closely misses the adder.
The adder closely misses you. Terence hits you with a +0 flail.
The adder misses you. Terence hits you with a +0 flail!
You shoot an arrow. The arrow completely misses the adder.
The adder closely misses you. Terence hits you with a +0 flail.
The adder barely misses you.
You shoot an arrow. The arrow misses the adder.
The adder bites you but does no damage. Terence hits you with a +0 flail.
You shoot an arrow. The arrow closely misses the adder.
The adder barely misses you.
Terence says, "You're history."
Terence hits you with a +0 flail. The adder bites you but does no damage.
You shoot an arrow. The arrow closely misses the adder.
Terence hits you with a +0 flail. The adder barely misses you.
You shoot an arrow. The arrow barely misses the adder.
The adder bites you but does no damage. Terence closely misses you.
The adder barely misses you. Terence hits you but does no damage.
You shoot an arrow. The arrow misses the adder.
The adder barely misses you. Terence hits you but does no damage.
You shoot an arrow. The arrow hits the adder.
The adder is severely wounded.
The adder bites you. Terence closely misses you.
The adder bites you but does no damage.
You shoot an arrow. The arrow closely misses the adder.
The adder bites you but does no damage. Terence says, "How do you enjoy it?"
Terence barely misses you.
You shoot an arrow. The arrow completely misses the adder.
The adder closely misses you. Terence hits you with a +0 flail.
The adder barely misses you.
You shoot an arrow. The arrow hits the adder.
You kill the adder!
Terence hits you but does no damage. Terence hits you with a +0 flail.
You die...

### . ####.. ##+##.
##### #..... #.....
....<##..... #....#
#............ +.....
............% >..#....#
#..#..#...... .......@#
#..#..#......
#@####..#..#......
#..........#.###+#
#...#.....##.......#
.....#..........[..####
......#.#.....####..#
..... #.#...........#
..... #.###########.#
.... #..#......# #.####
.... ##.#.####.# #.....


You could see Terence.

Vanquished Creatures
  An adder (D:2)
  A dart slug (D:1)
  2 ball pythons
  2 endoplasms (D:1)
  2 giant cockroaches
  5 goblins
  3 quokkas (D:1)
  8 bats
  A frilled lizard (D:2)
  5 kobolds
  2 rats (D:1)
32 creatures vanquished.

Notes
Turn   | Place    | Note
-------+----------+-------------------------------------------
     0 | D:1      | qw the Gargoyle Hunter began the quest for the Orb.
     0 | D:1      | Reached XP level 1. HP: 12/12 MP: 1/1
     0 | D:1      | 0 ||| qw: Version: 0.3-a-76-g4403597
     0 | D:1      | 0 ||| qw: Game counter: 205
     0 | D:1      | 0 ||| qw: Melee chars always use a shield: true
     0 | D:1      | 0 ||| qw: God list: Okawaru
     0 | D:1      | 0 ||| qw: Allow faded altars: false
     0 | D:1      | 0 ||| qw: Do Orc after clearing Dungeon:15 true
     0 | D:1      | 0 ||| qw: Do second Lair branch before Depths: true
     0 | D:1      | 0 ||| qw: Lair rune preference: random
     0 | D:1      | 0 ||| qw: Goals: Normal
     0 | D:1      | 0 ||| PLANNING D:1-11
    69 | D:1      | Reached XP level 2. HP: 17/17 MP: 2/2
   374 | D:1      | Reached XP level 3. HP: 21/21 MP: 3/3
   514 | D:1      | Reached skill level 5 in Ranged Weapons
   563 | D:1      | 563 ||| UPGRADING to ring of resist corrosion.
   564 | D:1      | 564 ||| READING scroll labelled UFFYGGEYSO.
   565 | D:1      | 565 ||| DRINKING 3 bubbling brown potions.
   566 | D:1      | 566 ||| DROPPING scroll of butterflies.
   567 | D:1      | 567 ||| DROPPING 2 potions of brilliance.
   739 | D:2      | You fall into a shaft and drop 1 floor!
   740 | D:3      | 740 ||| UPGRADING to +0 helmet.
   745 | D:3      | 745 ||| READING 2 scrolls labelled WIABRO TENT.
   746 | D:3      | 746 ||| READING scroll labelled QEFRALY EMEOJ.
   747 | D:3      | 747 ||| READING 2 scrolls labelled SIRHIZ RECUT.
   748 | D:3      | 748 ||| DROPPING scroll of fear.
   845 | D:2      | Noticed Terence
   855 | D:2      | HP: 5/22 [Terence/+0 flail (2)]
   861 | D:2      | HP: 3/22 [Terence/+0 flail (1)]
   862 | D:2      | Slain by Terence

Levels and vault maps discovered:
D:1:      psy_arrival_dodecagon, layout_loops_cross
D:2:      layout_basic, uniq_crazy_yiuf_cottage, uniq_terence
D:3:      layout_basic, uniq_jessica, uniq_robin

Skill      XL: |  1  2  3 |
---------------+----------+-----
Ranged Weapons | 5 |  5.0
Fighting       | |  2.4
Dodging        | |  1.5
Stealth        | |  1.1

Action                     || total
---------------------------++-------
   Fire: Shortbow          ||    88
    Use: Scroll            ||     4
         Potion            ||     1
 Armour: Leather armour    ||    32
  Dodge: Dodged            ||    27

Table legend:
 A = Non-vault XP
 B = Vault XP
 C = Vault XP percentage of total XP
 D = Non-vault monster count
 E = Vault monster count
 F = Vault count percentage of total count
                 A         B        C        D         E       F
            +---------+---------+-------+---------+---------+-------
      Total |      64 |       0 |   0.0 |      32 |       0 |   0.0
            +---------+---------+-------+---------+---------+-------
        D:1 |      39 |       0 |   0.0 |      22 |       0 |   0.0
        D:2 |      25 |       0 |   0.0 |      10 |       0 |   0.0
            +---------+---------+-------+---------+---------+-------
